 Dungeon Crawl Stone Soup version 0.26-a0-642-g67e99244d3 (webtiles) character file.

Game seed: 11853245620649439015

4 Colgate the Sneak (level 1, -4/13 HPs)
             Began as a Vampire Delver on Sept 21, 2020.
             Was a Follower of Uskayaw.
             Slain by a bullfrog zombie (6 damage)
             ... on level 5 of the Dungeon.
             The game lasted 00:04:29 (169 turns).

Colgate the Sneak (Vampire Delver)                   Turns: 169, Time: 00:04:30

Health: -4/13      AC:  3    Str: 11    XL:     1   Next: 50%
Magic:  1/1        EV: 12    Int: 12    God:    Uskayaw [*.....]
Gold:   29         SH:  0    Dex: 15    Spells: 0/0 levels left

rFire    . . .     SeeInvis +   a - +0 short sword
rCold    + + .     Faith    .   (no shield)
rNeg     + + +     Spirit   .   b - +0 leather armour
rPois    ∞         Reflect  .   (no helmet)
rElec    .         Harm     .   (no cloak)
rCorr    .         Rampage  .   (no gloves)
MR       .....                  (no boots)
Stlth    +++++.....             (no amulet)
HPRegen  0.00/turn              (no ring)
MPRegen  0.07/turn              (no ring)

@: bloodless
A: fangs 3, see invisible, unbreathing
a: Revivify, Stomp, Renounce Religion


You were on level 5 of the Dungeon.
You worshipped Uskayaw.
Uskayaw was noncommittal.
You visited 1 branch of the dungeon, and saw 2 of its levels.

You collected 29 gold pieces.

Inventory:

Hand Weapons
 a - a +0 short sword (weapon)
Missiles
 j - 18 stones (quivered)
Armour
 b - a +0 leather armour (worn)
Wands
 g - a wand of digging (3)
Scrolls
 c - a scroll of fog
 d - a scroll of magic mapping
 e - a scroll of fear
 h - a scroll of blinking {unknown}
 i - a scroll of remove curse {unknown}
Potions
 f - a potion of haste


   Skills:
 - Level 2.6 Fighting
 - Level 2.1 Short Blades
 - Level 2.1 Dodging
 + Level 7.6 Stealth


You couldn't memorise any spells.
You didn't know any spells.
Your spell library was empty.

Dungeon Overview and Level Annotations

Branches:
Dungeon (6/15)             Temple (0/1) D:5

Altars:
Elyvilon
Uskayaw
Xom

Annotations:
D:5 Prince Ribbit


Innate Abilities, Weirdness & Mutations

You do not regenerate when monsters are visible.
You are frail without blood (-20% HP).
You can heal yourself when you bite living creatures.
You are immune to poison.
You have razor-sharp teeth.
You have supernaturally acute eyesight. (SInv)
You can survive without breathing.


Message History

Press: ? - help, Shift-Dir - straight line, f/p - bullfrog zombie
Aim: a bullfrog zombie (lightly damaged)
You throw a stone. The stone hits the bullfrog zombie.
The bullfrog zombie is lightly damaged.
The bullfrog zombie hits you.
Okay, then.
You hit the bullfrog zombie but do no damage.
The bullfrog zombie is lightly damaged.
The bullfrog zombie hits you but does no damage.
You hit the bullfrog zombie.
The bullfrog zombie is lightly damaged.
The bullfrog zombie hits you.
You hit the bullfrog zombie.
The bullfrog zombie is moderately damaged.
The bullfrog zombie hits you. x2
* * * LOW HITPOINT WARNING * * *
You completely miss the bullfrog zombie.
The bullfrog zombie is moderately damaged.
The bullfrog zombie hits you.
You die...

.# . .#.# ##
#########.#.#...
..........(.......
..................
#...#............
#...##......Z...(
....##.(#######+########
#.#..##.(Z@.......>....#
##. #...................#
##...##...##########'##..#
...>..................#..#
.
##...##...............#..#
...
##.##....#########'#.#..#
#..#.#..##...........#.#..#
#.....##..##+######.#.#..#
##...##..#. #.#.#..#


You could see a bullfrog zombie.

Vanquished Creatures
  A giant cockroach (D:5)
  2 quokkas (D:6)
3 creatures vanquished.

Notes
Turn   | Place    | Note
-------+----------+-------------------------------------------
     0 | D:5      | Colgate the Vampire Delver began the quest for the Orb.
     0 | D:5      | Reached XP level 1. HP: 17/17 MP: 1/1
     8 | D:5      | Found a shimmering altar of Xom.
    11 | D:5      | Noticed Prince Ribbit
    11 | D:5      | Noticed a killer bee
    12 | D:5      | Noticed a killer bee
    12 | D:5      | Noticed a killer bee
    13 | D:5      | Noticed a killer bee
    14 | D:5      | Noticed a killer bee
    16 | D:5      | Noticed a scorpion
    30 | D:5      | Became a worshipper of Uskayaw the Reveler
    35 | D:6      | Noticed a worker ant
   109 | D:6      | Reached * piety under Uskayaw
   141 | D:5      | Found a staircase to the Ecumenical Temple.
   169 | D:5      | Slain by a bullfrog zombie

Illustrated notes

Levels and vault maps discovered:
D:5:      layout_basic, nicolae_overflow_hidden_temple,
          minmay_temple_entry_waves, serial_shops, nicolae_shop_behind_doors,
          uniq_prince_ribbit1
D:6:      layout_cave_pods, kennysheep_mini, kennysheep_mini_moat, serial_shops,
          nicolae_shop_statue_plus

Action                   || total
-------------------------++-------
Melee: Short sword       ||     7
Throw: Stone             ||     2
 Abil: Exsanguinate      ||     1
 Stab: Sleeping          ||     2
Armor: Leather armour    ||     1

Table legend: (Time is in decaauts)
 A = Elapsed time spent in this place.
 B = Non-inter-level travel time spent in this place.
 C = Inter-level travel time spent in this place.
 D = Time resting spent in this place.
 E = Time spent auto-exploring this place.
 F = Levels seen in this place.
 G = Mean time per level.
                   A        B        C        D        E       F      G
               +--------+--------+--------+--------+--------+-----+--------+
         Total |    169 |    169 |      0 |      0 |     20 |   2 |   84.5 |
       Dungeon |    169 |    169 |      0 |      0 |     20 |   2 |   84.5 |
               +--------+--------+--------+--------+--------+-----+--------+

Top non-repeatable levels by time:
     D:5: 89 daAuts
     D:6: 79 daAuts
